Map: Orbital Shipyard

Players

Nayvadius - Winner!

  • Race: Protoss Protoss
  • League: Master

Smile

  • Race: Terran Terran
  • League: Master

VOD

Have the link to the VOD?

Description

Time

  • Played on: March 8, 2016, 8:13 p.m.
  • Length: 13:36
Show
View Real Time Build Order
Export as new Build Order

Nayvadius Protoss - Winner!

Build Orders: 1 Gate Expand 

Get SALT Encoding   

  12  0:01  Probe (Chrono Boost)  
  13  0:12  Probe (Chrono Boost)  
  14  0:18  Pylon  
  14  0:22  Probe (Chrono Boost)  
  15  0:36  Probe (Chrono Boost)  
  15  0:37  Gateway  
  16  0:46  Probe (Chrono Boost)  
  16  0:48  Assimilator  
  18  0:57  Probe (Chrono Boost)  
  18  1:07  Probe (Chrono Boost)  
  19  1:18  Probe (Chrono Boost)  
  20  1:25  Nexus  
  20  1:35  Cybernetics Core  
  20  1:38  Probe (Chrono Boost)  
  21  1:44  Assimilator  
  21  1:49  Probe (Chrono Boost)  
  22  1:55  Pylon  
  22  1:59  Probe (Chrono Boost)  
  23  2:13  Mothership Core (Chrono Boost), Adept  
  27  2:16  Warp Gate  
  27  2:32  Probe (Chrono Boost)  
  27  2:40  Probe (Chrono Boost)  
  27  2:42  Probe (Chrono Boost), Robotics Facility  
  29  2:51  Stalker  
  29  2:53  Probe (Chrono Boost)  
  29  2:57  Probe (Chrono Boost)  
  33  3:04  Probe (Chrono Boost)  
  34  3:08  Probe (Chrono Boost)  
  35  3:15  Probe (Chrono Boost)  
  35  3:18  Probe (Chrono Boost), Pylon  
  37  3:21  Stalker  
  37  3:25  Probe (Chrono Boost)  
  40  3:29  Probe (Chrono Boost)  
  41  3:36  Probe (Chrono Boost)  
  41  3:37  Robotics Bay  
  43  3:45  Warp Prism (Chrono Boost)  
  43  3:47  Probe  
  45  3:49  Probe  
  46  3:59  Probe, Assimilator  
  46  4:00  Probe  
  48  4:03  Pylon  
  48  4:10  Probe  
  48  4:11  Probe  
  48  4:15  Gateway  
  51  4:17  Observer (Chrono Boost)  
  51  4:19  Assimilator  
  51  4:20  Gateway  
  51  4:21  Probe  
  52  4:25  Probe  
  53  4:31  Probe  
  53  4:35  Disruptor (Chrono Boost), Stalker  
  53  4:37  Probe  
  60  4:39  Pylon  
  60  4:42  Probe  
  61  4:47  Pylon  
  61  4:51  Gravitic Drive  
  61  4:53  Twilight Council  
  61  5:04  Pylon  
  64  5:07  Disruptor (Chrono Boost)  
  64  5:12  Stalker  
  66  5:16  Probe  
  66  5:17  Pylon  
  67  5:29  Adept x2  
  67  5:33  Blink (Chrono Boost)  
  67  5:35  Pylon  
  69  5:44  Probe  
  69  5:49  Probe  
  65  5:50  Nexus  
  65  5:55  Disruptor (Chrono Boost)  
  69  5:58  Forge  
  69  5:59  Probe  
  69  6:00  Probe, Pylon  
  71  6:10  Probe  
  71  6:12  Probe  
  71  6:15  Pylon  
  73  6:20  Probe  
  73  6:21  Pylon  
  73  6:24  Disruptor, Probe, Pylon  
  75  6:31  Stalker x2  
  82  6:34  Protoss Ground Armor Level 1 (Chrono Boost)  
  82  6:42  Photon Cannon, Stalker  
  82  6:43  Probe  
  82  6:44  Probe  
  86  6:55  Disruptor, Probe  
  86  6:56  Probe  
  86  7:01  Probe  
  91  7:05  Sentry  
  91  7:07  Probe  
  91  7:08  Probe  
  96  7:15  Probe  
  96  7:19  Probe  
  98  7:23  Probe, Stalker  
  98  7:24  Stalker  
  98  7:26  Probe  
  102  7:30  Disruptor  
  102  7:31  Probe  
  102  7:35  Probe  
  103  7:43  Gateway x2  
  103  7:49  Gateway  
  103  7:52  Pylon  
  103  7:54  Photon Cannon  
  103  7:58  Robotics Facility  
  103  8:00  Charge (Chrono Boost)  
  103  8:03  Probe x2  
  103  8:04  Probe  
  106  8:09  Disruptor  
  106  8:11  Stalker x2  
  110  8:12  Stalker  
  110  8:18  Photon Cannon  
  110  8:19  Probe  
  116  8:21  Probe  
  116  8:26  Assimilator x2, Protoss Ground Weapons Level 1 (Chrono Boost)  
  117  8:32  Photon Cannon  
  117  8:35  Pylon  
  117  8:37  Probe  
  117  8:39  Probe  
  117  8:41  Disruptor  
  115  8:46  Probe  
  116  8:50  Pylon  
  116  8:52  Photon Cannon  
  116  8:55  Disruptor  
  116  8:59  Zealot x3  
  116  9:00  Zealot x2  
  129  9:11  Pylon  
  129  9:12  Disruptor (Chrono Boost)  
  132  9:22  Photon Cannon  
  132  9:24  Photon Cannon  
  132  9:25  Probe  
  132  9:29  Pylon  
  132  9:30  Stargate  
  133  9:34  Zealot x4  
  133  9:35  Zealot x2  
  145  9:46  Disruptor (Chrono Boost)  
  144  9:56  Zealot x4  
  144  9:57  Zealot x2  
  154  10:02  Probe  
  154  10:03  Disruptor (Chrono Boost)  
  151  10:09  Probe  
  151  10:10  Probe  
  151  10:14  Probe  
  150  10:19  Fleet Beacon  
  150  10:23  Protoss Air Weapons Level 1  
  150  10:24  Stargate  
  150  10:33  Zealot  
  150  10:34  Zealot x3  
  158  10:41  Nexus  
  158  10:42  Pylon  
  158  10:48  Zealot x2  
  165  10:50  Disruptor (Chrono Boost)  
  165  11:00  Probe  
  165  11:01  Disruptor (Chrono Boost)  
  165  11:03  Zealot, Fleet Beacon  
  170  11:06  Probe, Zealot  
  170  11:07  Stargate  
  155  11:26  Disruptor (Chrono Boost)  
  155  11:27  Stalker x5  
  165  11:39  Stargate  
  165  11:45  Assimilator  
  163  11:50  Assimilator  
  163  11:52  Photon Cannon  
  163  11:53  Tempest (Chrono Boost)  
  167  11:54  Photon Cannon  
  167  11:58  Pylon  
  154  12:09  Tempest (Chrono Boost)  
  158  12:27  Tempest (Chrono Boost)  
  162  12:33  Zealot x5  
  162  12:36  Nexus, Pylon  
  172  12:43  Tempest (Chrono Boost), Pylon  
  176  12:51  Tempest (Chrono Boost)  
  180  12:57  Photon Cannon  
  180  13:01  Photon Cannon  
  188  13:30  Assimilator  
  188  13:35  Assimilator  
Show
View Real Time Build Order
Export as new Build Order

Smile Terran 

Build Orders: Reaper Expand, MMM Bio 

Get SALT Encoding   

  12  0:02  SCV  
  14  0:14  SCV  
  14  0:18  Supply Depot  
  14  0:26  SCV  
  15  0:40  Barracks, SCV  
  16  0:45  Refinery  
  16  0:52  SCV  
  17  1:04  SCV  
  18  1:19  SCV  
  19  1:29  Reaper  
  19  1:32  Orbital Command  
  20  1:41  Command Center  
  20  1:53  Supply Depot  
  20  1:57  SCV  
  20  2:01  Refinery  
  21  2:02  Barracks Reactor  
  21  2:11  Barracks  
  21  2:14  SCV  
  22  2:26  SCV  
  22  2:29  Factory  
  23  2:38  SCV  
  24  2:45  Marine  
  24  2:46  Marine  
  24  2:50  SCV  
  27  2:53  Orbital Command  
  27  3:00  Barracks Tech Lab  
  27  3:02  SCV  
  28  3:07  Marine x2  
  30  3:13  Starport  
  30  3:14  Factory Reactor, SCV  
  32  3:20  Marine, SCV  
  32  3:26  SCV  
  34  3:32  SCV  
  34  3:33  Marine  
  35  3:34  Marine  
  35  3:40  SCV  
  35  3:41  Supply Depot  
  37  3:44  Engineering Bay  
  37  3:45  Marine  
  37  3:47  Stimpack  
  38  3:49  SCV  
  38  3:51  Marine  
  38  3:52  SCV  
  41  3:56  Widow Mine  
  41  3:57  Widow Mine  
  41  4:02  Medivac, SCV  
  48  4:07  Supply Depot  
  48  4:09  Supply Depot  
  48  4:12  SCV  
  48  4:14  SCV  
  48  4:15  Marine x2  
  52  4:20  Marauder  
  54  4:29  SCV  
  55  4:33  Liberator  
  55  4:34  SCV  
  55  4:35  Factory Reactor  
  56  4:39  Liberator  
  56  4:41  Supply Depot, SCV  
  56  4:43  Marine x2  
  56  4:44  Marine  
  60  4:46  SCV  
  64  4:55  SCV  
  68  5:04  Command Center, SCV  
  68  5:05  Marine  
  68  5:06  Marine x2  
  72  5:13  SCV  
  73  5:27  Widow Mine x2, Marine x3  
  71  5:44  Marine  
  71  5:48  SCV  
  66  5:50  Marine x2  
  66  5:52  SCV  
  66  5:54  Barracks  
  66  5:55  Barracks  
  66  5:56  Medivac x2  
  65  6:00  SCV  
  66  6:04  Widow Mine x2, SCV  
  66  6:05  Refinery  
  66  6:08  Marauder  
  73  6:12  Marine x2, Barracks, SCV  
  73  6:16  SCV  
  73  6:18  Orbital Command  
  77  6:21  Combat Shields  
  77  6:23  Refinery  
  77  6:24  SCV  
  78  6:28  SCV  
  78  6:30  Marauder, Marine x2  
  78  6:37  SCV  
  79  6:40  SCV  
  80  6:48  Marine  
  80  6:49  SCV  
  80  6:53  Medivac x2, SCV  
  80  6:54  Marine, Marauder  
  87  6:55  Orbital Command  
  87  7:01  SCV  
  91  7:02  Missile Turret  
  91  7:04  Barracks Tech Lab x2  
  91  7:05  SCV  
  92  7:08  Widow Mine  
  92  7:09  Widow Mine  
  92  7:13  SCV  
  97  7:20  Marine, Marauder  
  100  7:22  Barracks Reactor  
  100  7:23  Concussive Shells  
  100  7:25  Barracks Tech Lab, SCV  
  101  7:31  SCV x2  
  101  7:34  Supply Depot  
  101  7:35  Supply Depot  
  97  7:38  SCV  
  97  7:40  Marine x2  
  97  7:41  Marauder  
  97  7:43  SCV x2  
  104  7:47  Medivac x2  
  104  7:49  Marine  
  109  7:53  Terran Infantry Weapons Level 1  
  109  7:55  Marine  
  109  7:56  SCV  
  109  7:57  SCV  
  109  7:58  SCV  
  113  8:02  Supply Depot  
  113  8:09  SCV  
  113  8:10  Marine x2  
  113  8:11  Marauder  
  113  8:12  Marine x2  
  119  8:13  Marauder  
  119  8:15  Widow Mine x2  
  119  8:18  SCV  
  124  8:25  SCV  
  124  8:26  SCV  
  126  8:30  SCV  
  125  8:43  Liberator x2  
  111  8:50  Marine x7  
  118  8:58  SCV  
  125  9:03  Fusion Core  
  125  9:04  Supply Depot  
  125  9:05  SCV  
  125  9:06  Refinery  
  125  9:07  Starport, Refinery  
  125  9:08  Marine  
  125  9:09  Marauder x3, Armory  
  133  9:19  Supply Depot  
  133  9:21  Supply Depot x2  
  133  9:25  SCV  
  133  9:27  Engineering Bay, SCV  
  133  9:28  Factory Tech Lab  
  135  9:35  Marine  
  135  9:36  Marauder  
  136  9:47  Terran Infantry Armor Level 1  
  132  9:58  SCV  
  118  10:02  Liberator x2  
  113  10:12  SCV  
  113  10:13  SCV  
  109  10:16  Starport Tech Lab  
  109  10:18  Marine x2, Marauder  
  119  10:22  SCV  
  120  10:37  Liberator  
  120  10:39  SCV  
  121  10:45  Liberator  
  121  10:47  Liberator  
  121  10:49  SCV  
  121  10:53  Marine x5  
  121  10:54  Marauder  
  119  10:57  SCV x2  
  119  11:01  SCV  
  119  11:03  Marine  
  129  11:10  Marine  
  129  11:11  Marine x3, Marauder  
  123  11:15  Marauder  
  116  11:19  Liberator  
  116  11:20  Marine  
  86  11:28  Marine x2  
  78  11:33  Marauder  
  78  11:36  Marauder  
  78  11:37  Marine  
  78  11:39  Marauder  
  84  11:42  Marine  
  84  11:51  Marine  
  84  11:54  Marauder  
  84  11:56  Orbital Command  
  84  11:58  Marine, Marauder  
  84  12:00  Marauder  
  83  12:10  Marine x3  
  83  12:15  Marine  
  87  12:16  Marine  
  87  12:19  Marauder  
  87  12:21  SCV  
  91  12:26  SCV x2  
  93  12:37  Marine x3  
  93  12:38  Marauder, Marine x2  
  93  12:40  SCV  
  93  12:41  Marauder, SCV  
  104  12:44  SCV  
  104  12:47  Supply Depot  
  104  12:49  Supply Depot x2  
  104  12:50  Supply Depot  
  105  12:55  Marine x3  
  105  12:56  Armory  
  105  12:57  Marauder  
  116  13:02  Marine  
  116  13:03  Marauder  
  117  13:07  Marine  
  118  13:17  Marine x2  
Tags
 
Add a new tag
Caveats
  • Supply blocks, unpowered buildings, or Contaminate may cause inaccurate times.
  • Supply counts are checked every 10 seconds.